 Dungeon Crawl Stone Soup version 0.26.0-10-g1f06aea511 (webtiles) character file.

Game seed: 16262296877928840141

3314 Borgoz the Carver (level 10, -3/84 HPs)
             Began as a Ghoul Gladiator on Jan 15, 2021.
             Was a Follower of Ashenzari.
             Slain by an orc warrior
             ... wielding a +0 glaive
              (21 damage)
             ... on level 9 of the Dungeon.
             The game lasted 00:15:33 (10339 turns).

Borgoz the Carver (Ghoul Gladiator)                Turns: 10339, Time: 00:15:33

Health: -3/84      AC:  6    Str: 25    XL:     10   Next: 1%
Magic:  9/9        EV: 16    Int:  5    God:    Ashenzari [*.....]
Gold:   601        SH:  6    Dex: 18    Spells: 9/9 levels left

rFire    . . .     SeeInvis .   t - -3 scimitar (curse)
rCold    + . .     Faith    .   d - +1 buckler of Hangman {Int+2 Dex+5}
rNeg     + + +     Spirit   .   b - +0 leather armour
rPois    ∞         Reflect  .   c - +0 helmet
rElec    .         Harm     +   h - scarf {harm}
rCorr    +         Rampage  .   (no gloves)
Will     .....                  o - +0 pair of boots
Stlth    +.........             (no amulet)
HPRegen  0.00/turn              e - +6 ring of strength
MPRegen  0.11/turn              q - ring of resist corrosion

@: no status effects
A: claws 1, cold resistance 1, negative energy resistance 3, inhibited
regeneration, torment resistance, unbreathing
a: Renounce Religion, Curse Item, Scrying


You were on level 9 of the Dungeon.
You worshipped Ashenzari.
Ashenzari was aware of your devotion.
You visited 2 branches of the dungeon, and saw 10 of its levels.
You also visited: Sewer.

You collected 601 gold pieces.

Inventory:

Hand Weapons
 t - a cursed -3 scimitar (weapon)
Armour
 b - a +0 leather armour (worn)
 c - a +0 helmet (worn)
 d - the +1 buckler of Hangman (worn) {Int+2 Dex+5}
   (You found it on level 3 of the Dungeon)

   It affects your intelligence (+2).
   It affects your dexterity (+5).
 h - a scarf of harm (worn)
 o - a +0 pair of boots (worn)
Jewellery
 e - a +6 ring of strength (left claw)
 f - an uncursed ring of flight
 q - a ring of resist corrosion (right claw)
Wands
 m - a wand of iceblast (26)
 r - a wand of flame (8)
Scrolls
 i - a scroll of remove curse
 l - a scroll of enchant armour
 n - a scroll of magic mapping
 p - 2 scrolls of blinking
 s - 2 scrolls of identify
Potions
 g - 4 potions of flight
 j - a potion of cancellation
 k - 2 potions of haste


   Skills:
 + Level 6.7 Fighting
 * Level 8.1 Long Blades
 - Level 1.7 Throwing
 * Level 5.6 Armour
 * Level 6.4 Dodging
 + Level 1.8 Shields


You had 9 spell levels left.
You didn't know any spells.
Your spell library contained the following spells:

 Spells                   Type           Power        Failure   Level
 Cause Fear               Hex            0%           100%        4
 Silence                  Hex/Air        0%           100%        5
 Yara's Violent Unravell  Hex/Tmut       0%           100%        5
 Discord                  Hex            0%           100%        8


Dungeon Overview and Level Annotations

Branches:
Dungeon (9/15)             Temple (1/1) D:4            Lair (0/6) D:8
  Sewer (visited)
    Orc: D:9-12

Altars:
Ashenzari
Cheibriados
Dithmenos
Elyvilon
Fedhas
Gozag
Hepliaklqana
Kikubaaqudgha
Makhleb
Nemelex Xobeh
Okawaru
Qazlal
Ru
Sif Muna
Trog
Uskayaw
Vehumet
Wu Jian
Xom
Yredelemnul
Zin
The Shining One


Innate Abilities, Weirdness & Mutations

You thrive by killing the living.
You are immune to poison.
You have sharp fingernails.
Your flesh is cold resistant. (rC+)
You are immune to negative energy. (rN+++)
You do not regenerate when monsters are visible.
You are immune to unholy pain and torment.
You can survive without breathing.


Message History

The orc warrior is severely wounded.
You block the orc warrior's attack.
You closely miss the orc warrior.
The orc warrior is severely wounded.
The orc warrior misses you.
You barely miss the orc warrior.
The orc warrior is severely wounded.
The orc warrior barely misses you.
You riposte.
You hit the orc warrior but do no damage.
The orc warrior is severely wounded.
You barely miss the orc warrior.
The orc warrior is severely wounded.
The orc warrior hits you with a +0 glaive!
* * * LOW HITPOINT WARNING * * *
You hit the orc warrior but do no damage.
The orc warrior is severely wounded.
You barely miss the orc warrior.
The orc warrior is severely wounded.
The orc warrior hits you with a +0 glaive!!
You die...

#..............#
+..............#
#....).........#
#..............#
#.....(........#
########.......#
.......<...[..#
......).)....!#
.......@......#
.......o......#
..............#
..............#
...#.....######
.........#
.........#
$.......#


You could see an orc warrior.

Vanquished Creatures
  Menkaure (D:3)
  A water moccasin (D:7)
  A sky beast (D:8)
  Purgy (Sewer)
  A phantom (D:8)
  4 black bears
  2 orc warriors (D:8)
  An ice beast (D:3)
  4 ogres
  2 centaurs
  3 bullfrogs
  A gnoll sergeant (D:7)
  2 scorpions (D:8)
  4 killer bees (D:7)
  2 electric eels (D:7)
  3 jellies
  2 bullfrog skeletons
  6 orc priests
  7 orc wizards
  Natasha (thrice) (D:2)
  4 iguanas
  3 worker ants
  A hound zombie (D:6)
  A hound skeleton (D:4)
  A worker ant zombie (D:3)
  3 gnolls (D:7)
  8 adders
  2 white imps
  3 oozes
  2 adder skeletons
  5 dart slugs
  4 leopard geckos
  30 orcs
  2 ball pythons
  8 giant cockroaches
  3 goblins
  10 hobgoblins
  2 jackals (D:1)
  A quokka (D:2)
  A ball python zombie (D:3)
  13 bats
  A frilled lizard (D:3)
  A jackal zombie (D:5)
  2 kobolds
  A quokka skeleton (D:4)
  15 rats
178 creatures vanquished.

Vanquished Creatures (others)
  8 fungi (D:8)
  9 plants (D:8)
17 creatures vanquished.

Grand Total: 195 creatures vanquished

Notes
Turn   | Place    | Note
-------+----------+-------------------------------------------
     0 | D:1      | Borgoz the Ghoul Gladiator began the quest for the Orb.
     0 | D:1      | Reached XP level 1. HP: 17/17 MP: 0/0
   202 | D:1      | Reached XP level 2. HP: 18/25 MP: 1/1
   294 | D:1      | Reached skill level 3 in Long Blades
   473 | D:1      | Reached XP level 3. HP: 30/30 MP: 2/2
   911 | D:2      | Noticed Natasha
   921 | D:2      | Killed Natasha
   922 | D:2      | Reached skill level 1 in Armour
   922 | D:2      | Reached XP level 4. HP: 28/37 MP: 3/3
  1144 | D:2      | Noticed an ogre
  1153 | D:2      | Killed an ogre
  1154 | D:2      | Reached skill level 4 in Long Blades
  1154 | D:2      | Reached XP level 5. HP: 45/45 MP: 4/4
  1167 | D:2      | Noticed Natasha
  1183 | D:2      | Killed Natasha
  1497 | D:2      | Noticed Natasha
  1512 | D:2      | Killed Natasha
  2004 | D:2      | Found a snail-covered altar of Cheibriados.
  2043 | D:2      | Reached XP level 6. HP: 48/51 MP: 5/5
  2113 | D:2      | Found a shadowy altar of Dithmenos.
  2113 | D:2      | Found a shimmering blue altar of Sif Muna.
  2118 | D:2      | Found a shimmering altar of Xom.
  2120 | D:2      | Found a faded altar of an unknown god.
  2122 | D:2      | Found a faded altar of an unknown god.
  2782 | D:3      | Found a radiant altar of Vehumet.
  2807 | D:3      | Found a transporter.
  2811 | D:3      | Found a transporter.
  2829 | D:3      | Found a basalt altar of Yredelemnul.
  2834 | D:3      | Noticed Menkaure
  2842 | D:3      | Found an ancient bone altar of Kikubaaqudgha.
  3288 | D:3      | Found a hide-covered altar of Uskayaw.
  3471 | D:3      | Noticed an ice beast
  3482 | D:3      | Killed an ice beast
  3483 | D:3      | Reached skill level 5 in Long Blades
  3483 | D:3      | Reached XP level 7. HP: 46/59 MP: 6/6
  3903 | D:4      | Found a staircase to the Ecumenical Temple.
  3952 | Temple   | Entered the Ecumenical Temple
  3972 | Temple   | Became a worshipper of Ashenzari the Shackled
  4934 | D:5      | Entered Level 5 of the Dungeon
  5148 | D:5      | Found an ornate altar of the Wu Jian Council.
  5267 | D:5      | Found an ancient bone altar of Kikubaaqudgha.
  5642 | D:5      | Reached XP level 8. HP: 25/67 MP: 7/7
  6400 | D:6      | Found a glowing drain.
  6404 | Sewer    | Entered a sewer
  6423 | Sewer    | Reached * piety under Ashenzari
  6427 | Sewer    | Noticed Purgy
  6433 | Sewer    | Killed Purgy
  6434 | Sewer    | Reached skill level 5 in Fighting
  6434 | Sewer    | Reached skill level 6 in Long Blades
  7139 | D:7      | Reached skill level 5 in Dodging
  7288 | D:7      | Found a glowing golden altar of the Shining One.
  7517 | D:7      | Reached skill level 7 in Long Blades
  7517 | D:7      | Reached XP level 9. HP: 47/75 MP: 8/8
  7681 | D:7      | Found a sacrificial altar of Ru.
  7715 | D:7      | Found a transporter.
  8248 | D:7      | Found a stormy altar of Qazlal.
  8304 | D:7      | Found a transporter.
  8532 | D:3      | Killed Menkaure
  8546 | D:3      | Got the uncursed buckler of Hangman {Int+2 Dex+5}
  8732 | D:3      | Identified the +1 buckler of Hangman {Int+2 Dex+5} (You
                  | found it on level 3 of the Dungeon)
  9152 | D:8      | Noticed a cyclops
  9197 | D:8      | Reached skill level 5 in Armour
  9205 | D:8      | Reached skill level 1 in Shields
  9831 | D:8      | Reached skill level 8 in Long Blades
 10011 | D:8      | Found a staircase to the Lair.
 10019 | D:8      | Reached XP level 10. HP: 52/84 MP: 9/9
 10339 | D:9      | Slain by an orc warrior

Illustrated notes

Levels and vault maps discovered:
D:1:      minmay_arrival_stone_box, layout_basic
D:2:      layout_loops_corners, chequers_temple_overflow_minitemple,
          kennysheep_slug_shrine, uniq_natasha
D:3:      layout_basic, gammafunk_temple_of_torment,
          eat_drink_and_be_merry_uskayaw, fiery_altar_vehumet
D:4:      layout_cave_pods, temple_fountains
D:5:      layout_loops_ring, general_overflow_altar, basic_altar
D:6:      layout_basic, gup_sewer_entry_spiral
D:7:      gammafunk_steamed_eel, layout_basic, nicolae_tso_carved_into_rock,
          marbit_many_paths, nicolae_qazlal_general_emergency
D:8:      layout_gridville, grunt_lair_entry_orc_guard_hut, grunt_decor_fettered
D:9:      layout_grid_maze
Temple:   eino_wide_crystal_templ

Skill      XL: |  1  2  3  4  5  6  7  8  9 |
---------------+----------------------------+-----
Long Blades    | 3 4 5 7 8 |  8.1
Dodging        | 3 4 5 6 |  6.4
Armour         | 1 2 3 4 5 |  5.6
Fighting       | 3 4 5 6 |  6.7
Shields        | 1 |  1.8
Throwing       | |  1.7

Action                   |  1- 3 |  4- 6 |  7- 9 | 10-12 || total
-------------------------+-------+-------+-------+-------++-------
Melee: Long sword        |    68 |   142 |   361 |       ||   571
       Scimitar          |       |       |       |    14 ||    14
Throw: Throwing net      |       |     2 |     1 |       ||     3
Evoke: Wand              |       |       |     4 |       ||     4
  Use: Scroll            |     4 |     3 |    13 |       ||    20
       Potion            |       |     2 |     3 |       ||     5
 Stab: Held in net/web   |       |     1 |       |       ||     1
       Sleeping          |       |     1 |       |       ||     1
Armor: Leather armour    |    31 |    24 |   100 |     1 ||   156
Dodge: Dodged            |    68 |    80 |   322 |     3 ||   473
Block: Buckler           |       |       |    25 |     3 ||    28
       Rpst.: Long sword |    25 |    28 |    84 |       ||   137
       Scimitar          |       |       |       |     1 ||     1
